TOP OF THE 1ST |
Washington Huskies batting - Pitching for Xavier Musketeers : RHP Frank Phillips
|
Pitching: RHP Frank Phillips
|
|
Batting: SHB Jason Ashley
|
0-0: Called Strike 0-1: Swinging Strike 0-2: Strikes out looking
|
Batting: RHB Shawn Shirley
|
0-0: Ball 1-0: Ball 2-0: Ball 3-0: Called Strike 3-1: Foul Ball, location: 2F 3-2: Base on Balls
|
Batting: RHB Jesús López
|
0-0: Ball 1-0: Fly out, F9 (Flyball, 9LSF)
|
Batting: LHB Jeffery Casey
|
0-0: Ball 1-0: Foul Ball, location: 2F 1-1: Foul Ball, location: 2F 1-2: Ball 2-2: Foul Ball, location: 2F 2-2: SINGLE (Groundball, 4MD) Shawn Shirley to second
|
Batting: RHB Fernando Ornelas
|
0-0: Ball 1-0: Called Strike 1-1: Called Strike 1-2: SINGLE (Groundball, 4MD) Shawn Shirley to third Jeffery Casey to second Runner from 3rd tries for Home, SAFE, no throw
|
Batting: RHB Jesse Moody
|
0-0: Called Strike 0-1: Swinging Strike 0-2: Strikes out swinging
|
Top of the 1st over - 1 run, 2 hits, 0 errors, 2 left on base; Washington 1 - Xavier 0 |
BOTTOM OF THE 1ST |
Xavier Musketeers batting - Pitching for Washington Huskies : RHP Jason Gutiérrez
|
Pitching: RHP Jason Gutiérrez
|
|
Batting: RHB Dillon Farley
|
0-0: Ball 1-0: Foul Ball, location: 2F 1-1: Foul Ball, location: 2F 1-2: Ball 2-2: Ball 3-2: Base on Balls
|
Batting: RHB Aaron Keller
|
0-0: Called Strike 0-1: Ball 1-1: Foul Ball, location: 2F 1-2: Ball 2-2: SINGLE (Groundball, 4MD) Dillon Farley to second
|
Batting: LHB Bobby Ryan
|
0-0: Grounds into double play, 6-4-3 (Groundball, 6) Dillon Farley to third
|
Batting: SHB Orlando Lópes
|
0-0: Called Strike 0-1: Swinging Strike 0-2: Foul Ball, location: 2F 0-2: 2-RUN HOME RUN (Flyball, 9D), Distance : 377 ft
|
Batting: RHB Floyd Reynolds
|
0-0: Foul Ball, location: 2F 0-1: Foul Ball, location: 2F 0-2: Strikes out swinging
|
Bottom of the 1st over - 2 runs, 2 hits, 0 errors, 0 left on base; Washington 1 - Xavier 2 |
TOP OF THE 2ND |
Washington Huskies batting - Pitching for Xavier Musketeers : RHP Frank Phillips
|
Batting: RHB Burt Scott
|
0-0: Ball 1-0: Ball 2-0: Ball 3-0: Called Strike 3-1: Called Strike 3-2: Base on Balls
|
Batting: RHB Enrique Rodríguez
|
0-0: DOUBLE (Flyball, 78D) Burt Scott to third
|
Batting: RHB Rafael Barrios
|
0-0: Ground out 5-3 (Groundball, 5)
|
Batting: SHB Jason Ashley
|
0-0: Ball 1-0: Ball 2-0: Foul Ball, location: 2F 2-1: Swinging Strike 2-2: Ball 3-2: Base on Balls
|
Batting: RHB Shawn Shirley
|
0-0: Grounds into double play, 5-4-3 (Groundball, 56)
|
Top of the 2nd over - 0 runs, 1 hit, 0 errors, 2 left on base; Washington 1 - Xavier 2 |
BOTTOM OF THE 2ND |
Xavier Musketeers batting - Pitching for Washington Huskies : RHP Jason Gutiérrez
|
Batting: LHB Duncan Sharp
|
0-0: Foul Ball, location: 2F 0-1: Ball 1-1: Ball 2-1: SINGLE (Groundball, 34D)
|
Batting: RHB Greg Richards
|
0-0: Ball 1-0: Called Strike 1-1: Swinging Strike 1-2: Fly out, F9 (Flyball, 9)
|
Batting: LHB Johnny Beach
|
0-0: Foul Ball, location: 2F 0-1: Foul Ball, location: 2F 0-2: Ball 1-2: Foul Ball, location: 2F 1-2: Ball 2-2: Ball 3-2: Base on Balls Duncan Sharp to second
|
Batting: LHB Don Ellis
|
0-0: Foul Ball, location: 2F 0-1: Foul Ball, location: 2F 0-2: Ball 1-2: Strikes out swinging
|
Batting: RHB Dillon Farley
|
0-0: Ball 1-0: Called Strike 1-1: SINGLE (Line Drive, 6MD) Duncan Sharp to third Johnny Beach to second Runner from 3rd tries for Home, SAFE, no throw
|
Batting: RHB Aaron Keller
|
0-0: Fly out, F7 (Flyball, 7D)
|
Bottom of the 2nd over - 1 run, 2 hits, 0 errors, 2 left on base; Washington 1 - Xavier 3 |
TOP OF THE 3RD |
Washington Huskies batting - Pitching for Xavier Musketeers : RHP Frank Phillips
|
Batting: RHB Jesús López
|
0-0: Foul Ball, location: 2F 0-1: Ball 1-1: Ball 2-1: SINGLE (Flyball, 6MD)
|
Batting: LHB Jeffery Casey
|
0-0: Ball 1-0: Swinging Strike 1-1: Ball 2-1: Ball 3-1: Base on Balls Jesús López to second
|
Batting: RHB Fernando Ornelas
|
0-0: Ball 1-0: Ball 2-0: Ball 3-0: Base on Balls Jesús López to third Jeffery Casey to second
|
Batting: RHB Jesse Moody
|
0-0: Called Strike 0-1: Ball 1-1: Foul Ball, location: 2F 1-2: Ball Wild Pitch! Jesús López scores Jeffery Casey to third Fernando Ornelas to second 2-2: 3-RUN HOME RUN (Flyball, 7D), Distance : 368 ft
|
Batting: RHB Burt Scott
|
0-0: Ball 1-0: Ball 2-0: Ground out 5-3 (Groundball, 56)
|
Batting: RHB Enrique Rodríguez
|
0-0: Ball 1-0: Ball 2-0: Ball 3-0: Called Strike 3-1: Base on Balls
|
Batting: RHB Rafael Barrios
|
0-0: Called Strike 0-1: Ball 1-1: Ball 2-1: Ball 3-1: Called Strike 3-2: Base on Balls Enrique Rodríguez to second
|
Batting: SHB Jason Ashley
|
0-0: Swinging Strike 0-1: Swinging Strike 0-2: Ball 1-2: Strikes out swinging
|
Batting: RHB Shawn Shirley
|
0-0: Called Strike 0-1: Ball 1-1: DOUBLE (Line Drive, 9LS) Enrique Rodríguez scores Rafael Barrios to third Runner from 3rd tries for Home, SAFE, throw made at trailing runner, OUT at third!
|
Top of the 3rd over - 6 runs, 3 hits, 0 errors, 0 left on base; Washington 7 - Xavier 3 |
BOTTOM OF THE 3RD |
Xavier Musketeers batting - Pitching for Washington Huskies : RHP Jason Gutiérrez
|
Batting: LHB Bobby Ryan
|
0-0: Ball 1-0: Fly out, F7 (Line Drive, 7)
|
Batting: SHB Orlando Lópes
|
0-0: Ball 1-0: Foul Ball, location: 2F 1-1: Swinging Strike 1-2: Strikes out swinging
|
Batting: RHB Floyd Reynolds
|
0-0: Foul Ball, location: 2F 0-1: Ground out 6-3 (Groundball, 6)
|
Bottom of the 3rd over - 0 runs, 0 hits, 0 errors, 0 left on base; Washington 7 - Xavier 3 |
TOP OF THE 4TH |
Washington Huskies batting - Pitching for Xavier Musketeers : RHP Frank Phillips
|
Batting: RHB Jesús López
|
0-0: Ball 1-0: Foul Ball, location: 2F 1-1: Swinging Strike 1-2: Strikes out swinging
|
Pitching: RHP Tom Shepherd
|
|
Batting: LHB Jeffery Casey
|
0-0: SINGLE (Flyball, 4D)
|
Batting: RHB Fernando Ornelas
|
0-0: Swinging Strike 0-1: Ball 1-1: Ball 2-1: Ball 3-1: Called Strike 3-2: Strikes out swinging
|
Batting: RHB Jesse Moody
|
0-0: Called Strike Jeffery Casey steals 2nd base 0-1: Ball 1-1: Foul Ball, location: 2F 1-2: Ball 2-2: Foul Ball, location: 2F 2-2: Foul Ball, location: 2F 2-2: Hit by Pitch
|
Batting: RHB Burt Scott
|
0-0: Ball 1-0: Called Strike 1-1: Swinging Strike 1-2: Ball 2-2: Foul Ball, location: 2F 2-2: DOUBLE (Line Drive, 9LM) Jeffery Casey scores Jesse Moody to third
|
Batting: RHB Enrique Rodríguez
|
0-0: Ground out 5-3 (Groundball, 56S)
|
Top of the 4th over - 1 run, 2 hits, 0 errors, 2 left on base; Washington 8 - Xavier 3 |
BOTTOM OF THE 4TH |
Xavier Musketeers batting - Pitching for Washington Huskies : RHP Jason Gutiérrez
|
Batting: LHB Duncan Sharp
|
0-0: Ball 1-0: SINGLE (Line Drive, 4MD)
|
Batting: RHB Greg Richards
|
0-0: Ball 1-0: Ball 2-0: Ball 3-0: Called Strike 3-1: Called Strike 3-2: Base on Balls Duncan Sharp to second
|
Batting: LHB Johnny Beach
|
0-0: Ball 1-0: Foul Ball, location: 2F 1-1: Fielders Choice at 2nd, 1-6 (Groundball, 13S) Duncan Sharp to third
|
Batting: LHB Don Ellis
|
0-0: Foul Ball, location: 2F 0-1: Ball 1-1: Ball 2-1: Ball 3-1: Foul Ball, location: 2F 3-2: Foul Ball, location: 2F 3-2: SINGLE (Groundball, 4MD) Duncan Sharp scores Johnny Beach to second
|
Batting: RHB Dillon Farley
|
0-0: Called Strike 0-1: Called Strike 0-2: Ball 1-2: Foul Ball, location: 2F 1-2: Ball 2-2: Foul Ball, location: 2F 2-2: Fielders Choice at 2nd, 1-6 (Groundball, 13) Johnny Beach to third
|
Batting: RHB Aaron Keller
|
0-0: Ball 1-0: Ball 2-0: Ground out 4-3 (Groundball, 4)
|
Bottom of the 4th over - 1 run, 2 hits, 0 errors, 2 left on base; Washington 8 - Xavier 4 |
TOP OF THE 5TH |
Washington Huskies batting - Pitching for Xavier Musketeers : RHP Tom Shepherd
|
Batting: RHB Rafael Barrios
|
0-0: Ground out U3 (Groundball, 3L)
|
Batting: SHB Jason Ashley
|
0-0: Ball 1-0: Swinging Strike 1-1: Called Strike 1-2: Ball 2-2: Ball 3-2: Base on Balls
|
Batting: RHB Shawn Shirley
|
0-0: Foul Ball, location: 2F 0-1: Ball 1-1: Called Strike 1-2: Grounds into double play, 1-6-3 (Groundball, P)
|
Top of the 5th over - 0 runs, 0 hits, 0 errors, 0 left on base; Washington 8 - Xavier 4 |
BOTTOM OF THE 5TH |
Xavier Musketeers batting - Pitching for Washington Huskies : RHP Jason Gutiérrez
|
Batting: LHB Bobby Ryan
|
0-0: Foul Ball, location: 2F 0-1: Ball 1-1: Called Strike 1-2: Strikes out swinging
|
Pitching: LHP John Durham
|
|
Batting: SHB Orlando Lópes
|
0-0: Ball 1-0: Called Strike 1-1: Swinging Strike 1-2: Ball 2-2: Ball 3-2: SINGLE (Line Drive, 9)
|
Batting: RHB Floyd Reynolds
|
0-0: Ball 1-0: Ball 2-0: Ball Wild Pitch! Orlando Lópes to second 3-0: Base on Balls
|
Batting: LHB Duncan Sharp
|
0-0: Ball 1-0: Foul Ball, location: 2F 1-1: Called Strike 1-2: Ball 2-2: Ball 3-2: SINGLE (Groundball, 4MD) Orlando Lópes to third Floyd Reynolds to second Runner from 3rd tries for Home, SAFE, no throw
|
Batting: RHB Greg Richards
|
0-0: Fly out, F9 (Line Drive, 89D)
|
Batting: LHB Johnny Beach
|
0-0: Ball 1-0: Ball 2-0: Ball 3-0: Called Strike 3-1: Foul Ball, location: 2F 3-2: Fly out, F4 (Popup, 13)
|
Bottom of the 5th over - 1 run, 2 hits, 0 errors, 2 left on base; Washington 8 - Xavier 5 |
TOP OF THE 6TH |
Washington Huskies batting - Pitching for Xavier Musketeers : RHP Tom Shepherd
|
Batting: RHB Jesús López
|
0-0: Ball 1-0: Ground out 6-3 (Groundball, 56)
|
Batting: LHB Jeffery Casey
|
0-0: Ball 1-0: Ball 2-0: Called Strike 2-1: Fly out, F9 (Flyball, 9D)
|
Batting: RHB Fernando Ornelas
|
0-0: Called Strike 0-1: Ball 1-1: SINGLE (Flyball, 8LS)
|
Batting: RHB Jesse Moody
|
0-0: Foul Ball, location: 2F 0-1: Fly out, F8 (Flyball, 78D)
|
Top of the 6th over - 0 runs, 1 hit, 0 errors, 1 left on base; Washington 8 - Xavier 5 |
BOTTOM OF THE 6TH |
Xavier Musketeers batting - Pitching for Washington Huskies : LHP John Durham
|
Batting: LHB Don Ellis
|
0-0: Called Strike 0-1: Ground out U3 (Groundball, 3S)
|
Batting: RHB Dillon Farley
|
0-0: DOUBLE (Line Drive, 7LM)
|
Batting: RHB Aaron Keller
|
0-0: Called Strike 0-1: Ball 1-1: Ground out 4-3 (Groundball, 4) Dillon Farley to third
|
Batting: LHB Bobby Ryan
|
0-0: Called Strike 0-1: Foul Ball, location: 2F 0-2: Strikes out swinging
|
Bottom of the 6th over - 0 runs, 1 hit, 0 errors, 1 left on base; Washington 8 - Xavier 5 |
TOP OF THE 7TH |
Washington Huskies batting - Pitching for Xavier Musketeers : RHP Tom Shepherd
|
Batting: RHB Burt Scott
|
0-0: Swinging Strike 0-1: Foul Ball, location: 2F 0-2: Ball 1-2: Foul Ball, location: 2F 1-2: Strikes out swinging
|
Batting: RHB Enrique Rodríguez
|
0-0: Foul Ball, location: 2F 0-1: Ball 1-1: Ball 2-1: Ball 3-1: Base on Balls
|
Batting: RHB Rafael Barrios
|
0-0: Ball 1-0: Foul Ball, location: 2F 1-1: Swinging Strike 1-2: Strikes out swinging
|
Batting: SHB Jason Ashley
|
0-0: Ball 1-0: Ball 2-0: Ground out 3-1 (Groundball, 34S)
|
Top of the 7th over - 0 runs, 0 hits, 0 errors, 1 left on base; Washington 8 - Xavier 5 |
BOTTOM OF THE 7TH |
Xavier Musketeers batting - Pitching for Washington Huskies : LHP John Durham
|
Batting: SHB Orlando Lópes
|
0-0: Called Strike 0-1: Foul Ball, location: 2F 0-2: Ball 1-2: Foul Ball, location: 2F 1-2: Foul Ball, location: 2F 1-2: Hit by Pitch
|
Batting: RHB Floyd Reynolds
|
0-0: Ball 1-0: Fly out, F8 (Flyball, 8LS)
|
Batting: LHB Duncan Sharp
|
0-0: Foul Ball, location: 2F 0-1: Ball Wild Pitch! Orlando Lópes to second 1-1: Called Strike 1-2: Strikes out looking
|
Batting: RHB Greg Richards
|
0-0: Foul Ball, location: 2F 0-1: Foul Ball, location: 2F 0-2: Ball 1-2: Foul Ball, location: 2F 1-2: Ground out 5-3 (Groundball, 5S)
|
Bottom of the 7th over - 0 runs, 0 hits, 0 errors, 1 left on base; Washington 8 - Xavier 5 |
TOP OF THE 8TH |
Washington Huskies batting - Pitching for Xavier Musketeers : RHP Tom Shepherd
|
Batting: RHB Shawn Shirley
|
0-0: Swinging Strike 0-1: Called Strike 0-2: Strikes out swinging
|
Batting: RHB Jesús López
|
0-0: Ball 1-0: Ball 2-0: Ball 3-0: Base on Balls
|
Pitching: LHP Marvin Walker
|
|
Batting: LHB Jeffery Casey
|
0-0: Ball 1-0: Ball Wild Pitch! Jesús López to second 2-0: Intentional Walk
|
Batting: RHB Fernando Ornelas
|
0-0: Ball 1-0: Called Strike 1-1: Foul Ball, location: 2F 1-2: Foul Ball, location: 2F 1-2: Fly out, F5 (Line Drive, 56S)
|
Batting: RHB Jesse Moody
|
0-0: Ball 1-0: Called Strike 1-1: Fly out, F8 (Line Drive, 8LM)
|
Top of the 8th over - 0 runs, 0 hits, 0 errors, 2 left on base; Washington 8 - Xavier 5 |
BOTTOM OF THE 8TH |
Xavier Musketeers batting - Pitching for Washington Huskies : LHP John Durham
|
Batting: LHB Johnny Beach
|
0-0: Ball 1-0: Ball 2-0: Called Strike 2-1: Ball 3-1: Swinging Strike 3-2: Foul Ball, location: 2F 3-2: Strikes out swinging
|
Batting: LHB Don Ellis
|
0-0: Ground out 3-1 (Groundball, 34)
|
Batting: RHB Dillon Farley
|
0-0: Ball 1-0: Ball 2-0: Ball 3-0: Base on Balls
|
Batting: RHB Aaron Keller
|
0-0: Ball 1-0: Called Strike 1-1: Called Strike 1-2: Ball 2-2: Ball 3-2: Foul Ball, location: 2F 3-2: SINGLE (Line Drive, 8LS) Dillon Farley to second Dillon Farley to third
|
Pitching: RHP Greg Gonzáles
|
|
Batting: LHB Bobby Ryan
|
0-0: Called Strike 0-1: Foul Ball, location: 2F 0-2: SINGLE (Groundball, 4S) (infield hit) Dillon Farley scores Aaron Keller to second
|
Batting: SHB Orlando Lópes
|
0-0: Ball 1-0: Called Strike 1-1: Ball 2-1: Ball 3-1: Called Strike 3-2: Strikes out looking
|
Bottom of the 8th over - 1 run, 2 hits, 0 errors, 2 left on base; Washington 8 - Xavier 6 |
TOP OF THE 9TH |
Washington Huskies batting - Pitching for Xavier Musketeers : LHP Marvin Walker
|
Batting: RHB Burt Scott
|
0-0: Called Strike 0-1: Called Strike 0-2: Ground out 5-3 (Groundball, 5)
|
Batting: RHB Enrique Rodríguez
|
0-0: Called Strike 0-1: Swinging Strike 0-2: Strikes out looking
|
Batting: RHB Rafael Barrios
|
0-0: Called Strike 0-1: SINGLE (Flyball, 9S)
|
Batting: SHB Jason Ashley
|
0-0: Fly out, F9 (Flyball, 9S)
|
Top of the 9th over - 0 runs, 1 hit, 0 errors, 1 left on base; Washington 8 - Xavier 6 |
BOTTOM OF THE 9TH |
Xavier Musketeers batting - Pitching for Washington Huskies : RHP Greg Gonzáles
|
Batting: RHB Floyd Reynolds
|
0-0: Ball 1-0: Ball 2-0: Called Strike 2-1: Foul Ball, location: 2F 2-2: Ball 3-2: Base on Balls
|
Batting: LHB Duncan Sharp
|
0-0: Ball 1-0: Foul Ball, location: 2F 1-1: Ground out 4-3 (Groundball, 34) Floyd Reynolds to second
|
Batting: RHB Greg Richards
|
0-0: Ground out 4-3 (Groundball, 34) Floyd Reynolds to third
|
Batting: LHB Johnny Beach
|
0-0: Ball 1-0: Ground out 4-3 (Groundball, 4MS)
|
Bottom of the 9th over - 0 runs, 0 hits, 0 errors, 1 left on base; Washington 8 - Xavier 6 |
|